 Dungeon Crawl Stone Soup version 0.23.2-1-ga50397a (webtiles) character file.

Game seed: 3369375126670302969

16257 funkygono the Destroyer (level 12, 0/64 HPs)
             Began as a Gargoyle Conjurer on May 21, 2019.
             Was an Elder of Vehumet.
             Slain by a black mamba (5 damage)
             ... on level 1 of the Lair of Beasts on May 22, 2019.
             The game lasted 01:03:37 (15508 turns).

funkygono the Destroyer (Gargoyle Conjurer)        Turns: 15508, Time: 01:03:38

Health: 0/64       AC: 22    Str: 13    XL:     12   Next: 35%
Magic:  8/26       EV: 11    Int: 20    God:    Vehumet [****..]
Gold:   715        SH:  4    Dex: 19    Spells: 12/31 levels left

rFire    . . .     SeeInvis .   F - +3 mace (crush)
rCold    . . .     Gourm    .   (no shield)
rNeg     + . .     Faith    .   t - +2 ring mail {rPois}
rPois    ∞         Spirit   .   i - +0 helmet
rElec    +         Reflect  +   g - +0 cloak of Bitterness {rElec Dex+7}
rCorr    .         Harm     .   f - +1 pair of gloves
MR       .....                  (no boots)
Stlth    ++........             a - +4 amulet of reflection
HPRegen  0.20/turn              o - ring of wizardry
MPRegen  0.20/turn              b - +2 ring of dexterity

@: no status effects
A: negative energy resistance 1, electricity resistance, unbreathing,
petrification resistance, rot immunity, AC +8
a: Renounce Religion


You were on level 1 of the Lair of Beasts.
You worshipped Vehumet.
Vehumet was greatly pleased with you.
You were not hungry.

You visited 3 branches of the dungeon, and saw 13 of its levels.
You also visited: Ossuary.

You collected 715 gold pieces.

Inventory:

Hand Weapons
 F - a +3 mace of crushing (weapon)
Missiles
 w - 260 stones (quivered)
Armour
 f - a +1 pair of gloves (worn)
 g - the +0 cloak of Bitterness (worn) {rElec Dex+7}
   (You found it on level 11 of the Dungeon)

   It affects your dexterity (+7).
   It insulates you from electricity.
 i - a +0 helmet (worn)
 n - a +0 chain mail
 p - a +1 cloak
 t - a +2 ring mail of poison resistance (worn)
 L - a scarf of repulsion
Jewellery
 a - a +4 amulet of reflection (around neck)
 b - a +2 ring of dexterity (right hand)
 j - an uncursed amulet of magic regeneration
 o - a ring of wizardry (left hand)
 x - an uncursed ring of ice
 C - an uncursed ring of positive energy {unknown}
 H - an uncursed ring of ice
 Q - an uncursed ring of ice
Wands
 s - a wand of flame (27)
 u - a wand of polymorph (18)
 D - a wand of random effects (17)
 E - a wand of scattershot (7)
 N - a wand of paralysis (8)
Scrolls
 e - 5 scrolls of teleportation
 k - 3 scrolls of amnesia
 l - 2 scrolls of identify
 m - 2 scrolls of fear
 y - 6 scrolls of remove curse
 J - a scroll of blinking
 K - a scroll of magic mapping
 O - a scroll of fog
Potions
 d - a potion of invisibility
 h - 2 potions of might
 q - 2 potions of cancellation
 r - a potion of mutation
 v - a potion of ambrosia
 z - 4 potions of flight
 A - a potion of lignification
 B - a potion of curing
 G - a potion of agility
 I - a potion of brilliance
 M - a potion of magic
Comestibles
 c - 28 rations
 P - 2 chunks of flesh


   Skills:
 + Level 3.1 Fighting
 + Level 5.5 Maces & Flails
 + Level 6.9 Armour
 - Level 1.5 Dodging
 + Level 3.7 Stealth
 + Level 10.3 Spellcasting
 + Level 10.6 Conjurations
 * Level 4.5 Fire Magic
 + Level 3.9 Ice Magic
 + Level 6.3 Earth Magic
 + Level 6.0 Poison Magic


You had 12 spell levels left.
You knew the following spells:

 Your Spells              Type           Power        Failure   Level  Hunger
a - Magic Dart            Conj           ####         1%          1    None
b - Searing Ray           Conj           ######       1%          2    None
c - Iskenderun's Mystic   Conj           ######..     1%          4    ##.....
d - Sandblast             Erth           #####.       1%          1    None
e - Sting                 Conj/Pois      ####         1%          1    None
f - Throw Frost           Conj/Ice       #####.       1%          2    None
g - Stone Arrow           Conj/Erth      #####.       1%          3    None
h - Bolt of Magma         Conj/Fire/Erth #####.....   2%          5    ####...

Your spell library contained the following spells:

 Spells                   Type           Power        Failure   Level  Hunger
 Spellforged Servitor     Conj/Summ      ####......   69%         7    #######
 Dazzling Spray           Conj/Hex       ####..       1%          3    None
 Mephitic Cloud           Conj/Pois/Air  ####....     1%          3    None
 Force Lance              Conj/Tloc      ####....     1%          4    ##.....
 Fulminant Prism          Conj/Hex       ####......   1%          4    ##.....
 Olgreb's Toxic Radiance  Pois           ####....     1%          4    ##.....
 Venom Bolt               Conj/Pois      #####.....   1%          5    ####...
 Poisonous Vapours        Pois/Air       ###...       2%          2    None


Dungeon Overview and Level Annotations

Branches:
Dungeon (11/15)            Temple (1/1) D:6            Lair (1/6) D:11
    Orc (0/2) D:10

Altars:
Ashenzari
Cheibriados
Dithmenos
Elyvilon
Fedhas
Gozag
Hepliaklqana
Kikubaaqudgha
Makhleb
Nemelex Xobeh
Okawaru
Qazlal
Ru
Sif Muna
Trog
Uskayaw
Vehumet
Wu Jian
Xom
Yredelemnul
Zin
The Shining One

Shops:
D:4 *   D:6 =   D:9 :

Annotations:
D:6 Prince Ribbit
D:11 exclusion: troll
Lair:1 exclusion: oklob plant


Innate Abilities, Weirdness & Mutations

You are resistant to torment.
Your stone body is resilient. (AC +8)
You are immune to poison.
You resist negative energy. (rN+)
You are resistant to electric shocks. (rElec)
You can survive without breathing.
You are immune to petrification.
You are immune to rotting.


Message History

The black mamba closely misses you. You block the black mamba's attack.
The black mamba bites you.
The black mamba bites you but does no damage.
The black mamba bites you.
* * * LOW HITPOINT WARNING * * *
The spiny frog stings you but does no damage.
The black mamba bites you but does no damage.
The black mamba bites you.
* * * LOW HITPOINT WARNING * * *
You block the black mamba's attack. The spiny frog stings you!
* * * LOW HITPOINT WARNING * * *
You feel better. The black mamba bites you!
* * * LOW HITPOINT WARNING * * *
The black mamba bites you.
* * * LOW HITPOINT WARNING * * *
The spiny frog barely misses you. The black mamba bites you.
You die...

#...# ##..PPP$.....#
#...# #..PPP......#
##...## ##..$.....###
#....P# .....
##...####.....
#............
#........####
#........###
##...@###.#.#
##....SFP....#
#............# ....
##......##...####...##
#.............)......
#....................
#....................
#....................
#...........(........


You could see a black mamba and a spiny frog.

Vanquished Creatures
  A hydra (Lair:1)
  A two-headed ogre (D:9)
  An unseen horror (D:11)
  2 ugly things (D:11)
  A cyclops (D:11)
  2 trolls (D:11)
  3 blink frogs (Lair:1)
  A hippogriff (D:11)
  A vampire (D:10)
  A wraith (D:11)
  A basilisk (Lair:1)
  2 wyverns
  27 yaks
  A steam dragon (D:11)
  Menkaure (D:6)
  2 vampire mosquitoes (D:10)
  3 insubstantial wisps (D:10)
  A water moccasin (Lair:1)
  6 orc warriors
  2 black bears
  An eye of draining (D:11)
  3 ice beasts
  A sky beast (D:11)
  6 ogres
  3 phantoms
  5 centaurs
  5 crocodiles
  A big kobold (D:8)
  3 elf zombies
  5 bullfrogs
  A gnoll sergeant (D:7)
  An elf skeleton (D:5)
  9 killer bees
  6 howler monkeys
  9 wights
  6 crimson imps
  2 quasits (D:11)
  A bullfrog zombie (D:6)
  2 centaur zombies
  A human zombie (Ossuary)
  A centaur skeleton (D:6)
  5 jellies
  A hound (D:8)
  7 orc priests
  5 orc wizards
  A human skeleton (D:5)
  2 iguanas
  5 worker ants
  2 big kobold zombies (Ossuary)
  A hound zombie (Ossuary)
  2 hound skeletons
  4 mummies (Ossuary)
  A worker ant zombie (D:10)
  15 gnolls
  2 howler monkey skeletons
  18 adders
  A shadow imp (D:6)
  An ooze (D:1)
  An adder zombie (Ossuary)
  2 adder skeletons
  3 worms
  A dart slug (D:1)
  3 leopard geckos (D:1)
  37 orcs
  6 bats (D:1)
  A giant cockroach (D:2)
  5 goblins
  6 hobgoblins
  19 jackals
  5 quokkas
  2 ball pythons
  A ball python skeleton (D:2)
  2 frilled lizards
  2 gnoll zombies (Ossuary)
  A jackal zombie (Ossuary)
  9 kobolds
  2 leopard gecko skeletons (D:4)
  A leopard gecko zombie (D:2)
  2 orc skeletons (D:5)
  2 orc zombies
  2 quokka skeletons
  A quokka zombie (D:7)
  5 rats (D:2)
  A rat zombie (Ossuary)
327 creatures vanquished.

Vanquished Creatures (others)
  An ugly thing (D:11)
  A manticore (D:11)
  A yak (D:11)
  A black bear (D:11)
  An ice beast (D:11)
  A big kobold (D:11)
  2 hounds (D:11)
  An orc wizard (D:11)
  A bullfrog skeleton (D:11)
  3 adders (D:11)
13 creatures vanquished.

Grand Total: 340 creatures vanquished

Notes
Turn   | Place    | Note
-------+----------+-------------------------------------------
     0 | D:1      | funkygono the Gargoyle Conjurer began the quest for the
                  | Orb.
     0 | D:1      | Reached XP level 1. HP: 10/10 MP: 3/3
   336 | D:1      | Reached XP level 2. HP: 15/15 MP: 1/5
   385 | D:1      | Learned a level 2 spell: Searing Ray
   428 | D:1      | Reached skill level 5 in Conjurations
   665 | D:1      | Reached XP level 3. HP: 19/19 MP: 2/6
  1198 | D:2      | Reached XP level 4. HP: 23/24 MP: 1/7
  2106 | D:3      | Learned a level 4 spell: Iskenderun's Mystic Blast
  2180 | D:3      | Reached XP level 5. HP: 28/28 MP: 4/8
  2929 | D:4      | Found a radiant altar of Vehumet.
  2953 | D:4      | Became a worshipper of Vehumet
  3166 | D:4      | Found Qeis's Assorted Antiques.
  3402 | D:5      | Entered Level 5 of the Dungeon
  3463 | D:5      | Reached skill level 1 in Armour
  3544 | D:5      | Reached XP level 6. HP: 31/32 MP: 5/11
  3759 | D:5      | Reached skill level 1 in Maces & Flails
  3767 | D:5      | Found a sand-covered staircase.
  3786 | D:5      | Reached XP level 7. HP: 19/37 MP: 9/13
  3806 | Ossuary  | Entered an ossuary
  3860 | Ossuary  | HP: 1/37 [mummy (6)]
  3891 | Ossuary  | Reached * piety under Vehumet
  3891 | Ossuary  | Offered knowledge of Sandblast by Vehumet.
  3894 | Ossuary  | Learned a level 1 spell: Sandblast
  3994 | Ossuary  | Reached skill level 1 in Fighting
  4001 | Ossuary  | Reached skill level 5 in Spellcasting
  4666 | D:5      | Reached XP level 8. HP: 43/43 MP: 12/16
  4824 | D:5      | Found a shimmering altar of Xom.
  4908 | D:5      | Learned a level 1 spell: Sting
  4993 | D:6      | Reached skill level 1 in Earth Magic
  5024 | D:6      | Found a white marble altar of Elyvilon.
  5175 | D:6      | Reached skill level 1 in Poison Magic
  5460 | D:6      | Noticed Menkaure
  5472 | D:6      | Killed Menkaure
  5630 | D:6      | Found a stormy altar of Qazlal.
  5681 | D:6      | Found a staircase to the Ecumenical Temple.
  5688 | Temple   | Entered the Ecumenical Temple
  6099 | D:6      | Noticed Prince Ribbit
  6204 | D:6      | Found Beesunal's Jewellery Shoppe.
  6930 | D:6      | Reached XP level 9. HP: 38/48 MP: 11/19
  7188 | D:7      | Reached ** piety under Vehumet
  7188 | D:7      | Offered knowledge of Throw Frost by Vehumet.
  7192 | D:7      | Learned a level 2 spell: Throw Frost
  7337 | D:7      | Found a glowing golden altar of the Shining One.
  7461 | D:7      | Found a glowing golden altar of the Shining One.
  8081 | D:8      | Found an iron altar of Okawaru.
  8159 | D:8      | Offered knowledge of Inner Flame by Vehumet.
  8209 | D:8      | Found a hide-covered altar of Uskayaw.
  8684 | D:8      | Reached *** piety under Vehumet
  8696 | D:8      | Reached skill level 1 in Ice Magic
  8696 | D:8      | Reached XP level 10. HP: 27/53 MP: 18/22
  8936 | D:9      | Reached skill level 5 in Poison Magic
  9114 | D:9      | Offered knowledge of Stone Arrow by Vehumet.
  9119 | D:9      | Learned a level 3 spell: Stone Arrow
  9164 | D:9      | Reached skill level 5 in Armour
  9307 | D:9      | Found Geec's Book Shop.
  9403 | D:9      | Noticed a two-headed ogre
  9452 | D:9      | Killed a two-headed ogre
  9770 | D:10     | Entered Level 10 of the Dungeon
  9995 | D:10     | Reached **** piety under Vehumet
 10041 | D:10     | Reached XP level 11. HP: 54/57 MP: 9/24
 10139 | D:10     | Offered knowledge of Bolt of Magma by Vehumet.
 10146 | D:10     | Learned a level 5 spell: Bolt of Magma
 10166 | D:10     | Reached skill level 5 in Earth Magic
 10844 | D:10     | HP: 2/57 [orc warrior/+0 war axe (5)]
 11115 | D:10     | Found a staircase to the Orcish Mines.
 11368 | D:11     | Killed a purple ugly thing
 11405 | D:11     | Killed a manticore
 11673 | D:11     | Found a shimmering altar of Xom.
 11735 | D:11     | Noticed a red ugly thing
 11794 | D:11     | Reached ***** piety under Vehumet
 11794 | D:11     | Offered knowledge of Spellforged Servitor by Vehumet.
 11800 | D:11     | Reached skill level 1 in Fire Magic
 12101 | D:11     | Reached skill level 10 in Conjurations
 12251 | D:11     | Killed an unseen horror
 12410 | D:11     | Found a staircase to the Lair.
 12451 | D:11     | Got a smoking cloak
 12462 | D:11     | Identified the +0 cloak of Bitterness {rElec Dex+7} (You
                  | found it on level 11 of the Dungeon)
 12510 | D:11     | Noticed a cyclops
 12939 | D:11     | Reached skill level 5 in Maces & Flails
 12963 | D:11     | Noticed a cyan ugly thing
 12972 | D:11     | Killed a cyan ugly thing
 13002 | D:11     | Killed a cyan ugly thing
 13346 | D:11     | Killed a cyclops
 13886 | Lair:1   | Entered Level 1 of the Lair of Beasts
 13967 | D:11     | Reached XP level 12. HP: 26/64 MP: 5/25
 13972 | D:11     | Reached skill level 10 in Spellcasting
 14911 | Lair:1   | Noticed a seven-headed hydra
 14921 | Lair:1   | Killed a seven-headed hydra
 15508 | Lair:1   | Slain by a black mamba

Skill      XL: |  1  2  3  4  5  6  7  8  9 10 11 12 |
---------------+-------------------------------------+-----
Conjurations   | 5 6 7 8 9 10 | 10.6
Spellcasting   | 3 4 5 6 8 9 10 | 10.3
Armour         | 1 2 3 4 5 6 |  6.9
Maces & Flails | 1 2 3 4 5 |  5.5
Fighting       | 1 2 3 |  3.1
Earth Magic    | 3 4 6 |  6.3
Poison Magic   | 2 4 5 6 |  6.0
Ice Magic      | 1 3 |  3.9
Stealth        | 3 |  3.7
Fire Magic     | 3 4 |  4.5
Dodging        | |  1.5

Action                   |  1- 3 |  4- 6 |  7- 9 | 10-12 || total
-------------------------+-------+-------+-------+-------++-------
Melee: Whip              |    11 |    82 |    63 |       ||   156
       Mace              |       |       |    54 |   153 ||   207
 Cast: Magic Dart        |    43 |   109 |   201 |    76 ||   429
       Searing Ray       |     2 |    15 |    34 |    27 ||    78
       Iskenderun's Myst |       |     1 |     8 |     5 ||    14
       Sandblast         |       |       |    24 |    14 ||    38
       Sting             |       |       |    56 |   147 ||   203
       Throw Frost       |       |       |     3 |    63 ||    66
       Stone Arrow       |       |       |       |    84 ||    84
       Bolt of Magma     |       |       |       |    28 ||    28
  Use: Scroll            |     4 |     7 |    12 |     3 ||    26
       Potion            |       |       |     5 |     4 ||     9
  Eat: Chunk             |     2 |     9 |    13 |    21 ||    45
       Ration            |       |       |     1 |     2 ||     3
Armor: Robe              |     5 |       |       |       ||     5
       Leather armour    |     5 |    43 |    44 |       ||    92
       Ring mail         |       |       |   101 |   219 ||   320
Dodge: Dodged            |     9 |    45 |   156 |   166 ||   376
       Deflected         |       |       |       |     6 ||     6
Block: Other             |       |       |    26 |    56 ||    82
       Reflection        |       |       |     1 |     2 ||     3
